 Dungeon Crawl Stone Soup version 0.27.1-34-g3ba077fa99 (webtiles) character file.

Game seed: 4065605100530219544

18 daervis the Skirmisher (level 2, -1/19 HPs)
             Began as a Gargoyle Berserker on Jan 22, 2022.
             Was a Follower of Trog.
             Slain by a worm (5 damage)
             ... on level 2 of the Dungeon.
             The game lasted 00:03:33 (1463 turns).

daervis the Skirmisher (Gargoyle Berserker)         Turns: 1463, Time: 00:03:34

Health: -1/19      AC:  5    Str: 20    XL:     2   Next: 66%
Magic:  2/2        EV: 11    Int:  7    God:    Trog [*.....]
Gold:   32         SH:  0    Dex:  9    Spells: 1/1 levels left

rFire    . . .     SeeInvis .   a - +0 hand axe
rCold    . . .     Faith    .   (no shield)
rNeg     + . .     Spirit   .   b - +0 animal skin
rPois    ∞         Reflect  .   (no helmet)
rElec    +         Harm     .   (no cloak)
rCorr    .         Rampage  .   (no gloves)
Will     .....                  (no boots)
Stlth    +.........             (no amulet)
HPRegen  0.06/turn              (no ring)
MPRegen  0.08/turn              (no ring)

@: on berserk cooldown
A: sickness immunity, AC +2, negative energy resistance 1, electricity
resistance, torment resistance 1, petrification resistance
a: Renounce Religion, Berserk


You were on level 2 of the Dungeon.
You worshipped Trog.
Trog was aware of your devotion.
You visited 1 branch of the dungeon, and saw 2 of its levels.

You collected 32 gold pieces.

Inventory:

Hand Weapons
 a - a +0 hand axe (weapon)
Armour
 b - a +0 animal skin (worn)
Potions
 c - a potion of cancellation {unknown}
 d - a potion of magic {unknown}
 e - a potion of resistance {unknown}
 f - a potion of curing {unknown}


   Skills:
 + Level 3.6 Fighting
 * Level 3.1 Axes
 + Level 2.4 Armour
 - Level 1.5 Dodging
 * Level 0.6 Stealth


You had one spell level left.
You didn't know any spells.
Your spell library was empty.

Dungeon Overview and Level Annotations

Branches:
Dungeon (2/15)

Altars:
Gozag


Innate Abilities, Weirdness & Mutations

You are immune to sickness and miasma.
Your stone body is resilient. (AC +2)
You are immune to poison.
You resist negative energy. (rN+)
You are resistant to electric shocks. (rElec)
You are resistant to unholy torment.
You are immune to petrification.


Message History

The jackal closely misses you.
You hit the jackal.
You kill the jackal!
Trog accepts your kill.
The frilled lizard bites you but does no damage.
You miss the frilled lizard.
The frilled lizard closely misses you. x2
You barely miss the frilled lizard. The frilled lizard bites you.
The frilled lizard closely misses you.
You barely miss the frilled lizard. The frilled lizard bites you.
You barely miss the frilled lizard.
The frilled lizard barely misses you. x2
You slash the frilled lizard!
You kill the frilled lizard!
Trog accepts your kill.
Things that are here:
a frilled lizard corpse; a jackal corpse A worm is nearby!
A worm is nearby!
A worm is nearby!
A worm is nearby!
You start resting.
A worm is nearby!
A worm is nearby!
The worm bites you but does no damage.
You hit the worm.
The worm is moderately wounded.
The worm bites you.
You barely miss the worm.
The worm is moderately wounded.
You feel yourself speed up. The worm closely misses you.
The worm barely misses you.
You slash the worm!
The worm is heavily wounded.
You hit the worm.
The worm is severely wounded.
The worm bites you!
* * * LOW HITPOINT WARNING * * *
You barely miss the worm.
The worm is severely wounded.
The worm bites you.
You die...

#.# #.# #.#
#.##
#.#####..###
#..........#
#.###.##...##
#.# #.##....#
#.#
#.###.#.....#
#####.# #.#
#.###.###
#.....# #.#
#@# # #
#.....#
#.###w##..###
#.._..#
#............
#.....#
#..##...#####
#.....# #.
###>##
#..#.## #
...# ##...#
#..# ###.#
#<.#### #.#
#.........


You could see a worm.

Vanquished Creatures
  4 endoplasms
  A hobgoblin (D:1)
  5 jackals
  A kobold (D:1)
  A ball python (D:1)
  A bat (D:1)
  A frilled lizard (D:2)
  A rat (D:1)
15 creatures vanquished.

Notes
Turn   | Place    | Note
-------+----------+-------------------------------------------
     0 | D:1      | daervis the Gargoyle Berserker began the quest for the Orb.
     0 | D:1      | Reached XP level 1. HP: 14/14 MP: 1/1
    27 | D:2      | Noticed an iguana
    85 | D:1      | Found a faded altar of an unknown god.
   279 | D:2      | Found an opulent altar of Gozag.
   325 | D:1      | Reached XP level 2. HP: 12/19 MP: 2/2
  1463 | D:2      | Slain by a worm

Illustrated notes

Levels and vault maps discovered:
D:1:      dpeg_arrival_solitude, layout_basic, ebering_ecumenical_altar_rust,
          minmay_tetromino_i4
D:2:      cheibrodos_greedy_goblins, layout_loops_ring, basic_altar,
          serial_shops, shop, minmay_misc_feat_plants, minmay_tiny_reverse_x

Skill      XL: |  1  2 |
---------------+-------+-----
Axes           | 3 |  3.1
Fighting       | |  3.6
Armour         | |  2.4
Dodging        | |  1.5
Stealth        | |  0.6

Action                   || total
-------------------------++-------
Melee: Hand axe          ||    40
Invok: Berserk           ||     5
Armor: Animal skin       ||    14
Dodge: Dodged            ||    29
